 Dungeon Crawl Stone Soup version 0.30-a0-591-g3c58d2bc28 (webtiles) character file.

Game seed: 15408489156755756639

6791 gelatine the Stinger (level 10, -7/76 HPs)
             Began as a Demonspawn Venom Mage on Jan 5, 2023.
             Was a Believer of Vehumet.
             Mangled by a two-headed ogre
             ... wielding a +0 giant spiked club
              (27 damage)
             ... on level 9 of the Dungeon.
             The game lasted 00:25:09 (10071 turns).

gelatine the Stinger (Demonspawn Venom Mage)       Turns: 10071, Time: 00:25:09

Health: -7/76      AC: 12    Str:  9    XL:     10   Next: 76%
Magic:  13/19      EV: 14    Int: 26    God:    Vehumet [**....]
Gold:   591        SH:  4    Dex: 14    Spells: 10/21 levels left

rFire   . . .      SeeInvis .    a - +3 quarterstaff (chaos)
rCold   . . .      Faith    .    (shield currently unavailable)
rNeg    . . .      Spirit   .    N - +1 robe {Archmagi}
rPois   .          Reflect  .    y - +0 helmet
rElec   .          Harm     .    w - +0 cloak
rCorr   .          Rampage  .    (gloves unavailable)
Will    .....      Archmagi +    k - +2 pair of boots
Stlth   ++++                     (no amulet)
HPRegen 0.32/turn                E - +6 ring of intelligence
MPRegen 0.16/turn                x - +4 ring of protection

@: slowed, very slow
A: condensation shield, demonic touch 3
a: Renounce Religion


You were on level 9 of the Dungeon.
You worshipped Vehumet.
Vehumet was pleased with you.
You visited 2 branches of the dungeon, and saw 10 of its levels.

You collected 591 gold pieces.

Inventory:

Hand Weapons
 a - a +3 quarterstaff of chaos (weapon)
 O - a +2 dagger of venom
Missiles
 h - 5 throwing nets
 S - a curare-tipped dart
Armour
 k - a +2 pair of boots (worn)
 u - a +0 leather armour of poison resistance
 w - a +0 cloak (worn)
 y - a +0 helmet (worn)
 I - +0 acid dragon scales
 N - a +1 robe of the Archmagi (worn)
 R - +0 steam dragon scales
Magical Staves
 m - a staff of conjuration
 B - a staff of death
Jewellery
 s - a ring of see invisible
 x - a +4 ring of protection (right hand)
 E - a +6 ring of intelligence (left hand)
 G - a ring of ice
 P - a +4 ring of slaying
 T - a ring of willpower
Wands
 z - a wand of polymorph (6)
 A - a wand of roots (17)
 U - a wand of quicksilver (4)
Scrolls
 c - 3 scrolls of enchant armour {unknown}
 f - 2 scrolls of immolation
 j - 2 scrolls of brand weapon {unknown}
 l - 3 scrolls of teleportation {unknown}
 n - a scroll of vulnerability {unknown}
 p - 2 scrolls of silence {unknown}
 q - 2 scrolls of fear {unknown}
 r - a scroll of amnesia {unknown}
 t - 2 scrolls of noise {unknown}
 v - a scroll of fog {unknown}
 C - a scroll of magic mapping {unknown}
 D - a scroll of torment {unknown}
 L - 2 scrolls of enchant weapon {unknown}
 Q - a scroll of acquirement {unknown}
Potions
 b - 4 potions of magic
 d - a potion of mutation
 e - 2 potions of invisibility
 g - 2 potions of might
 i - 4 potions of flight
 o - 2 potions of curing
 F - a potion of haste
 H - a potion of berserk rage
 J - a potion of brilliance
 K - 2 potions of lignification
 M - 2 potions of attraction {unknown}
 V - a potion of heal wounds


   Skills:
 * Level 6.1 Fighting
 + Level 4.1 Staves
 + Level 2.1 Armour
 * Level 5.7 Dodging
 * Level 7.3 Stealth
 + Level 1.2 Shields
 + Level 0.8 Unarmed Combat
 + Level 6.3 Spellcasting
 + Level 4.0 Transmutations
 + Level 1.0 Air Magic
 + Level 7.6 Poison Magic


You had 10 spell levels left.
You knew the following spells:

 Your Spells              Type           Power      Damage    Failure   Level
a - Sting                 Tmut/Pois      100%       1d8       1%          1
b - Poisonous Vapours     Pois/Air       92%        N/A       1%          2
c - Mephitic Cloud        Conj/Pois/Air  35%        N/A       6%          3
d - Olgreb's Toxic Radia  Pois           64%        N/A       3%          4
e - Foxfire               Conj/Fire      48%        2x1d6     7%          1

Your spell library contained the following spells:

 Spells                   Type           Power      Damage    Failure   Level
 Searing Ray              Conj           26%        2d5       10%         2
 Magic Dart               Conj           52%        1d5       6%          1
 Summon Small Mammal      Summ           48%        N/A       7%          1
 Call Imp                 Summ           12%        N/A       10%         2
 Call Canine Familiar     Summ           12%        N/A       21%         3
 Summon Guardian Golem    Hex/Summ       12%        N/A       21%         3


Dungeon Overview and Level Annotations

Branches:
Dungeon (9/15)             Temple (1/1) D:6
   Lair: D:8-11         Orc: D:9-12

Altars:
Ashenzari
Cheibriados
Dithmenos
Gozag
Hepliaklqana
Kikubaaqudgha
Makhleb
Nemelex Xobeh
Ru
Sif Muna
Trog
Vehumet
Wu Jian
Xom
Yredelemnul

Annotations:
D:4 3 runed translucent doors, Darkkill's ghost, amateur MiHu


Innate Abilities, Weirdness & Mutations

A meltable shield of frost defends you. (SH +4)
Your touch may irresistibly damage your foes and sap their willpower.


Message History

The wraith is almost destroyed.
The wraith closely misses you.
The bullfrog croaks.
You hit the wraith but do no damage.
The wraith is almost destroyed.
The wraith misses you. The wraith hits you! The wraith drains your vigour!
You feel as though you will be slow longer.
You miss the wraith.
The wraith is almost destroyed.
The wraith misses you. You block the wraith's attack.
You closely miss the wraith.
The wraith is almost destroyed.
The wraith hits you but does no damage.
You hit the wraith but do no damage.
Nothing appears to happen.
The wraith is almost destroyed.
The wraith hits you! The wraith misses you.
You sock the wraith!
You destroy the wraith!
Vehumet accepts your kill.
You feel your power returning.
The two-headed ogre hits you with a +0 giant spiked club!
The two-headed ogre barely misses you.
You hit the two-headed ogre but do no damage.
The two-headed ogre is severely wounded.
The two-headed ogre misses you.
The two-headed ogre hits you with a +0 giant spiked club!
You hit the two-headed ogre. You burn the two-headed ogre.
The two-headed ogre is almost dead.
The two-headed ogre closely misses you.
The two-headed ogre hits you with a +0 giant spiked club.
* * * LOW HITPOINT WARNING * * *
You barely miss the two-headed ogre.
The two-headed ogre is almost dead.
The two-headed ogre misses you.
The two-headed ogre hits you with a +0 giant spiked club.
* * * LOW HITPOINT WARNING * * *
You hit the two-headed ogre. You freeze the two-headed ogre.
The two-headed ogre is almost dead.
The two-headed ogre hits you with a +0 giant spiked club!!
You die...

.. ....
......#####)#####.
##..
..#####.........##
# #.###)###.#
#.#..)#.#.#
#####.###[#.#.##
##........)......
##..###.#.#.###.##
#..## #.#.#...#.#
#@## #.###.###.#
#O# #.........#
#F# #####'######
... #.# ## .#. #.#
#. #. )# #.# #. .)
.. .. .. ..


You could see a two-headed ogre (poisoned) and a bullfrog.

Vanquished Creatures
  2 two-headed ogres (D:9)
  4 trolls (D:9)
  Grinder (D:7)
  Sigmund (D:5)
  A wraith (D:9)
  A yak (D:9)
  2 steam dragons
  4 water moccasins
  An acid dragon (D:9)
  3 orc warriors
  5 ice beasts
  3 sky beasts (D:7)
  An ogre (D:4)
  3 centaurs
  2 kobold brigands
  2 gnoll sergeants (D:9)
  2 bullfrogs
  4 necrophages
  5 scorpions
  2 killer bees (D:9)
  4 hounds
  A jelly (D:6)
  A gnoll bouda (D:6)
  5 orc priests
  Crazy Yiuf (D:4)
  3 iguanas
  11 orc wizards
  Robin (D:4)
  8 gnolls (D:6)
  7 adders
  A shadow imp (D:5)
  A white imp (D:6)
  An ufetubus (D:4)
  3 worms
  3 dart slugs
  25 orcs
  10 ball pythons
  10 endoplasms
  4 giant cockroaches
  14 goblins
  8 hobgoblins
  4 jackals (D:1)
  2 quokkas (D:1)
  A bat (D:2)
  7 frilled lizards
  13 kobolds
  4 rats
202 creatures vanquished.

Vanquished Creatures (others)
  4 foxfires (D:9)
4 creatures vanquished.

Grand Total: 206 creatures vanquished

Notes
Turn   | Place    | Note
-------+----------+-------------------------------------------
     0 | D:1      | gelatine the Demonspawn Venom Mage began the quest for the
                  | Orb.
     0 | D:1      | Reached XP level 1. HP: 13/13 MP: 3/3
   423 | D:1      | Gained mutation: Your touch may inflict minor irresistible
                  | damage on your foes. [demonic ancestry]
   423 | D:1      | Reached XP level 2. HP: 19/19 MP: 3/5
   590 | D:1      | Reached skill level 1 in Transmutations
   896 | D:1      | Learned a level 2 spell: Poisonous Vapours
  1504 | D:2      | Reached XP level 3. HP: 23/24 MP: 1/6
  2028 | D:3      | Noticed a scorpion
  2036 | D:3      | Killed a scorpion
  2037 | D:3      | Reached skill level 1 in Fighting
  2037 | D:3      | Gained mutation: Your touch may inflict irresistible damage
                  | on your foes. [demonic ancestry]
  2037 | D:3      | Reached XP level 4. HP: 17/32 MP: 1/7
  2457 | D:3      | Learned a level 3 spell: Mephitic Cloud
  2638 | D:3      | Reached XP level 5. HP: 37/37 MP: 4/8
  3003 | D:3      | Noticed an ice beast
  3018 | D:3      | Killed an ice beast
  3320 | D:4      | Noticed Robin
  3382 | D:4      | Noticed Grinder
  3541 | D:4      | Killed Robin
  3542 | D:4      | Reached XP level 6. HP: 44/44 MP: 4/10
  3648 | D:4      | Found a runed translucent gate.
  3648 | D:4      | Found a runed translucent gate.
  3648 | D:4      | Found a runed translucent gate.
  3759 | D:4      | Noticed Darkkill's ghost (amateur MiHu)
  3964 | D:4      | Paralysed by Grinder for 2 turns
  4436 | D:4      | Found a snail-covered altar of Cheibriados.
  4450 | D:4      | Learned a level 4 spell: Olgreb's Toxic Radiance
  4636 | D:4      | Found a runed translucent door.
  4637 | D:4      | Noticed Crazy Yiuf
  4647 | D:4      | Killed Crazy Yiuf
  4789 | D:5      | Entered Level 5 of the Dungeon
  4789 | D:5      | Noticed Sigmund
  4797 | D:5      | Killed Sigmund
  4798 | D:5      | Reached XP level 7. HP: 48/51 MP: 5/12
  4959 | D:5      | Reached skill level 1 in Armour
  5573 | D:5      | Reached XP level 8. HP: 41/50 MP: 13/13
  5662 | D:5      | Reached skill level 1 in Staves
  5754 | D:5      | Reached skill level 5 in Poison Magic
  6137 | D:6      | Reached skill level 5 in Stealth
  6669 | D:6      | Gained mutation: A meltable shield of frost defends you.
                  | (SH +4) [demonic ancestry]
  6669 | D:6      | Reached XP level 9. HP: 66/66 MP: 10/15
  6864 | D:6      | Found a staircase to the Ecumenical Temple.
  6871 | Temple   | Entered the Ecumenical Temple
  7130 | Temple   | Became a worshipper of Vehumet
  7671 | D:7      | Paralysed by Grinder for 2 turns
  7699 | D:7      | Paralysed by Grinder for 2 turns
  7715 | D:7      | Killed Grinder
  7886 | D:7      | Found a shimmering altar of Xom.
  7987 | D:7      | Reached skill level 5 in Spellcasting
  8434 | D:7      | Found a broken altar of Ashenzari.
  8584 | D:8      | Reached * piety under Vehumet
  8584 | D:8      | Offered knowledge of Foxfire by Vehumet.
  8587 | D:8      | Learned a level 1 spell: Foxfire
  8934 | D:8      | Reached skill level 5 in Fighting
  9168 | D:9      | Found a bloodstained altar of Trog.
  9305 | D:9      | Noticed a troll
  9306 | D:9      | Noticed a two-headed ogre
  9308 | D:9      | Noticed a troll
  9309 | D:9      | Noticed a troll
  9311 | D:9      | Killed a troll
  9312 | D:9      | Reached skill level 5 in Dodging
  9312 | D:9      | Gained mutation: Your touch may irresistibly damage your
                  | foes and sap their willpower. [demonic ancestry]
  9312 | D:9      | Reached XP level 10. HP: 64/74 MP: 3/18
  9319 | D:9      | Noticed a two-headed ogre
  9321 | D:9      | Killed a two-headed ogre
  9322 | D:9      | Reached skill level 1 in Air Magic
  9323 | D:9      | HP: 2/74 [two-headed ogre/+0 giant spiked club (28)]
  9328 | D:9      | Killed a two-headed ogre
  9588 | D:9      | Reached ** piety under Vehumet
  9588 | D:9      | Offered knowledge of Searing Ray by Vehumet.
  9590 | D:9      | Reached skill level 1 in Shields
 10051 | D:9      | Noticed a two-headed ogre
 10071 | D:9      | Mangled by a two-headed ogre

Illustrated notes

Levels and vault maps discovered:
D:1:      eino_arrival_cavern_e, layout_basic, reono_crystal_passage
D:2:      layout_basic, st_stairs_14
D:3:      minmay_chambers_of_twos, layout_basic
D:4:      layout_rooms, mainiacjoe_overflow_paths, gammafunk_ghost_necromancy,
          uniq_robin, uniq_grinder, uniq_crazy_yiuf_cottage
D:5:      layout_cave_pools, uniq_sigmund
D:6:      layout_cave_pools, temple_statues
D:7:      layout_rooms, kennysheep_mini, mainiacjoe_overflow_alcove_1
D:8:      layout_basic
D:9:      minmay_the_grid_plus_closed [minmay_the_grid_empty,
          minmay_the_grid_pillar_ring, minmay_the_grid_spin_star,
          minmay_the_grid_medium_cups, minmay_the_grid_prize_four_corners],
          layout_long_grid, grunt_qazlal_sundering, trog_butcher_becter,
          lemuel_round_altar, minmay_checkerbox, uniq_maurice
Temple:   minmay_temple_curvy_branch

Skill      XL: |  1  2  3  4  5  6  7  8  9 10 |
---------------+-------------------------------+-----
Dodging        | 2 3 4 5 |  5.7
Transmutations | 1 2 3 4 |  4.0
Stealth        | 2 3 5 6 7 |  7.3
Fighting       | 1 2 3 4 5 6 |  6.1
Poison Magic   | 4 5 6 7 |  7.6
Spellcasting   | 3 4 5 6 |  6.3
Armour         | 1 2 |  2.1
Staves         | 2 3 4 |  4.1
Air Magic      | 1 |  1.0
Shields        | 1 |  1.2
Unarmed Combat | |  0.8

Action                   |  1- 3 |  4- 6 |  7- 9 | 10-12 || total
-------------------------+-------+-------+-------+-------++-------
Melee: Unarmed           |    45 |    43 |    12 |       ||   100
       Touch             |     4 |    14 |       |       ||    18
       Punch             |     1 |       |       |       ||     1
       Quarterstaff      |       |     1 |   190 |    59 ||   250
 Cast: Sting             |    66 |   136 |   107 |     5 ||   314
       Poisonous Vapours |       |     3 |     3 |       ||     6
       Olgreb's Toxic Ra |       |       |    28 |     9 ||    37
       Mephitic Cloud    |       |       |     2 |       ||     2
       Foxfire           |       |       |       |     2 ||     2
  Use: Scroll            |       |       |     8 |       ||     8
       Potion            |       |       |     4 |     5 ||     9
Armor: Robe              |    17 |     5 |    23 |    21 ||    66
       Leather armour    |       |    43 |   108 |       ||   151
Dodge: Dodged            |    36 |    78 |   196 |    51 ||   361
Block: Other             |       |       |    20 |    12 ||    32

Table legend: (Time is in decaauts)
 A = Elapsed time spent in this place.
 B = Non-inter-level travel time spent in this place.
 C = Inter-level travel time spent in this place.
 D = Time resting spent in this place.
 E = Time spent auto-exploring this place.
 F = Levels seen in this place.
 G = Mean time per level.
                   A        B        C        D        E       F      G
               +--------+--------+--------+--------+--------+-----+--------+
         Total |  10109 |   9771 |    338 |      0 |   8068 |  10 | 1010.9 |
       Dungeon |   9841 |   9521 |    320 |      0 |   7823 |   9 | 1093.4 |
        Temple |    267 |    249 |     18 |      0 |    245 |   1 |  267.0 |
               +--------+--------+--------+--------+--------+-----+--------+

Top non-repeatable levels by time:
     D:3: 1720 daAuts
     D:5: 1272 daAuts
     D:7: 1204 daAuts
     D:4: 1191 daAuts
     D:1: 1088 daAuts
     D:2: 932 daAuts
     D:9: 915 daAuts
     D:6: 836 daAuts
     D:8: 679 daAuts
  Temple: 267 daAuts
